 Dungeon Crawl Stone Soup version 0.31-a0-188-g5e087ee2ca (webtiles) character file.

Game seed: 8936256169050806716

22100 LordOfLemon the Cleaver (level 12, -5/165 HPs)
             Began as a Hill Orc Berserker on June 23, 2023.
             Was a High Priest of Trog.
             Slain by a death knight
             ... wielding a +0 great mace
              (14 damage)
             ... on level 13 of the Dungeon.
             The game lasted 02:01:43 (13519 turns).

LordOfLemon the Cleaver (Hill Orc Berserker)       Turns: 13519, Time: 02:01:46

Health: -5/165     AC: 26    Str: 23    XL:     12   Next: 96%
Magic:  0/21       EV:  2    Int:  7    God:    Trog [*****.]
Gold:   331        SH:  9    Dex: 22    Spells: 11/11 levels left

rFire   + . .        m - +12 war axe "Xusmouc" {venom, Fragile +Blink rF+ Dex+4}
rCold   . . .        I - +2 buckler
rNeg    . . .        h - melded +2 chain mail {rF+}
rPois   +            N - melded +0 helmet
rElec   .            f - melded +1 cloak
rCorr   .            D - melded +1 pair of gloves
SInv    .            r - melded +2 pair of boots "Tuodoela" {rF+}
Will    ++...        M - amulet of guardian spirit
Stlth   ++           n - +6 ring of dexterity
HPRegen 1.47/turn    d - ring of magical power
MPRegen 0.17/turn

%: guardian spirit
@: tree-form, strong-willed, regenerating
A: stationary, stasis, torment immunity, boosted hp
a: Renounce Religion, Evoke Blink, Berserk, Trog's Hand, Brothers in Arms


You were on level 13 of the Dungeon.
You worshipped Trog.
Trog was extremely pleased with you.
You were a tree.
You visited 2 branches of the dungeon, and saw 14 of its levels.

You collected 607 gold pieces.
You spent 276 gold pieces at shops.

Inventory:

Hand Weapons
 b - a +3 flail
 i - a +0 sling
 m - the +12 war axe "Xusmouc" (weapon) {venom, Fragile +Blink rF+ Dex+4}
   (You found it on level 11 of the Dungeon)

   Dex:       It affects your dexterity (+4).
   rF:        It protects you from fire.
   +Blink:    It lets you blink.
   Fragile:   It will be destroyed if unequipped.
 x - a +2 dagger of electrocution
 H - a +5 great mace
 L - a +0 orcbow
 U - a +1 morningstar
Missiles
 k - 85 stones
 o - 2 throwing nets
 S - 9 atropa-tipped darts
 T - 18 poisoned darts
Armour
 c - a +0 plate armour
 f - a +1 cloak (melded)
 g - +0 acid dragon scales
 h - a +2 chain mail of fire resistance (melded)
 q - a +1 plate armour
 r - the +2 pair of boots "Tuodoela" (melded) {rF+}
   (You found it on level 9 of the Dungeon)

   rF:        It protects you from fire.
 D - a +1 pair of gloves (melded)
 I - a +2 buckler (worn)
 N - a +0 helmet (melded)
 Z - the +0 robe "Caiz Toe" {rF+ Regen+ Int-5}
   (You took it off an orc on level 8 of the Dungeon)

   Int:       It affects your intelligence (-5).
   rF:        It protects you from fire.
   Regen:     It increases your rate of health regeneration.
Jewellery
 d - a ring of magical power (right branch)
 n - a +6 ring of dexterity (left branch)
 s - a +4 ring of slaying
 z - a ring of protection from fire
 M - an amulet of guardian spirit (around neck)
Wands
 y - a wand of polymorph (18)
 E - a wand of mindburst (8)
 P - a wand of charming (13)
 Q - a wand of iceblast (7)
 W - a wand of light (3)
Scrolls
 a - a scroll of noise
 l - 2 scrolls of fog
 p - a scroll of brand weapon {unknown}
 u - 2 scrolls of teleportation
 v - 2 scrolls of enchant armour
 J - a scroll of fear
 K - a scroll of poison {unknown}
 O - a scroll of revelation
 X - 4 scrolls of immolation
 Y - a scroll of identify
Potions
 e - 2 potions of haste
 j - a potion of curing
 t - 2 potions of resistance
 w - a potion of enlightenment {unknown}
 A - 4 potions of attraction
 B - a potion of mutation {unknown}
 C - 2 potions of heal wounds
 F - a potion of lignification
 G - a potion of experience {unknown}
 R - a potion of might {unknown}


   Skills:
 + Level 11.3 Fighting
 + Level 14.4(16.4) Axes
 + Level 11.0(13.3) Maces & Flails
 + Level 9.3 Armour
 + Level 4.9 Dodging
 + Level 1.4 Stealth
 + Level 8.2 Shields


You had 11 spell levels left.
You didn't know any spells.
Your spell library contained the following spells:

 Spells                   Type           Power      Damage    Failure   Level
 Sting                    Tmut/Pois      0%         1d3       47%         1
 Poisonous Vapours        Pois/Air       0%         N/A       63%         2
 Olgreb's Toxic Radiance  Pois           0%         N/A       99%         4


Dungeon Overview and Level Annotations

Branches:
Dungeon (13/15)            Temple (1/1) D:7            Lair (0/5) D:11
    Orc (0/2) D:12
 Vaults: D:13-14

Altars:
Ashenzari
Cheibriados
Dithmenos
Elyvilon
Fedhas
Gozag
Hepliaklqana
Kikubaaqudgha
Makhleb
Nemelex Xobeh
Okawaru
Qazlal
Ru
Sif Muna
Trog
Uskayaw
Vehumet
Wu Jian
Xom
Yredelemnul
Zin
The Shining One

Shops:
D:6 [   D:9 ?   D:13 *


Message History

* * * LOW HITPOINT WARNING * * *
The death knight reflects your damage back at you!
* * * LOW HITPOINT WARNING * * *
You block the death knight's attack.
Your ogre goes berserk!
The death knight reflects your damage back at you!
* * * LOW HITPOINT WARNING * * *
You block the death knight's attack.
Two slime creatures merge to form a very large slime creature.
Your skin crawls.
You feel strong-willed.
The death knight reflects your damage back at you!
* * * LOW HITPOINT WARNING * * *
The death knight hits you with a +0 great mace.
* * * LOW HITPOINT WARNING * * *
The death knight reflects your damage back at you!
You block the death knight's attack.
Your ogre rages.
The death knight reflects your damage back at you!
A very large slime creature splits.
The death knight hits you with a +0 great mace!
* * * LOW HITPOINT WARNING * * *
Your ogre rages.
You hit the death knight.
The death knight looks as sick as possible!
The death knight is severely wounded.
The death knight reflects your damage back at you!
* * * LOW HITPOINT WARNING * * *
The large slime creature looks more healthy.
The death knight reflects your damage back at you!
* * * LOW HITPOINT WARNING * * *
The death knight hits you with a +0 great mace!
* * * LOW HITPOINT WARNING * * *
You slash the death knight!
The death knight is almost dead.
The death knight reflects your damage back at you!
* * * LOW HITPOINT WARNING * * *
A large slime creature splits.
The death knight hits you with a +0 great mace!
You die...

... ... ###.##
#.#.... ...#
.##(#.#(#####..####
.......J(.........#
.......JJC.#...##.#
###.#.##p###...##.#
# #. #♣# #...##.#
#.#.##O###...##.#
#.......).......##
#.#..........##..#
####.########..#
#.# #..# #.# #..#
#.# #..# #.# ##'##


You could see a death knight (reflects damage, extremely poisoned, ally target),
3 slime creatures, a cyclops, a +3 long sword and a friendly ogre (summoned,
berserk).

Vanquished Creatures
  A centaur warrior (D:12)
  3 boulder beetles (D:12)
  3 two-headed ogres
  A dancing weapon (D:13)
  Urug (D:11)
  A deep elf knight (D:12)
  A deep elf pyromancer (D:12)
  2 ugly things
  2 cyclopes
  2 manticores
  A gargoyle (D:12)
  An unseen horror (D:12)
  A rime drake (D:11)
  A freezing wraith (D:12)
  A polar bear (D:11)
  4 trolls (D:12)
  Grinder (D:3)
  Prince Ribbit (D:9)
  7 slime creatures
  4 shadows
  4 vampires
  A wraith (D:13)
  10 yaks
  A wyvern (D:11)
  A basilisk (D:12)
  3 vampire mosquitoes (D:12)
  3 water moccasins
  2 acid dragons (D:9)
  2 black bears
  6 orc warriors
  A sky beast (D:4)
  4 ice beasts
  2 wolves (D:11)
  3 ogres
  4 centaurs
  3 phantoms
  A kobold brigand (D:7)
  4 bullfrogs
  A scorpion (D:5)
  A gnoll sergeant (D:12)
  15 killer bees
  3 howler monkeys
  3 electric eels
  10 hounds
  A jelly (D:4)
  5 orc priests
  2 gnoll boudas (D:6)
  3 sleepcaps
  Terence (D:3)
  8 orc wizards
  An iguana (D:7)
  Robin (D:3)
  18 gnolls
  9 adders
  A white imp (D:4)
  An ufetubus (D:5)
  3 worms
  5 dart slugs
  33 orcs
  8 endoplasms
  4 giant cockroaches
  19 goblins
  4 hobgoblins
  4 jackals
  21 kobolds
  9 quokkas
  10 ball pythons
  7 bats
  6 frilled lizards
  3 rats
314 creatures vanquished.

Vanquished Creatures (collateral kills)
  A yaktaur (D:12)
  5 yaks
  3 killer bees (D:10)
9 creatures vanquished.

Grand Total: 323 creatures vanquished

Notes
Turn   | Place    | Note
-------+----------+-------------------------------------------
     0 | D:1      | LordOfLemon the Hill Orc Berserker began the quest for the
                  | Orb.
     0 | D:1      | Reached XP level 1. HP: 19/19 MP: 1/1
   201 | D:1      | Reached XP level 2. HP: 13/27 MP: 2/2
   678 | D:1      | Reached XP level 3. HP: 30/33 MP: 3/3
  1425 | D:2      | Reached ** piety under Trog
  1426 | D:2      | Reached skill level 5 in Axes
  1440 | D:2      | Reached XP level 4. HP: 24/41 MP: 4/4
  2458 | D:3      | Noticed Robin
  2477 | D:3      | Killed Robin
  2478 | D:3      | Reached skill level 1 in Maces & Flails
  2478 | D:3      | Reached XP level 5. HP: 47/47 MP: 5/5
  2814 | D:3      | Reached *** piety under Trog
  2880 | D:3      | Reached skill level 1 in Shields
  2910 | D:3      | Noticed Grinder
  2936 | D:3      | Paralysed by Grinder for 2 turns
  2956 | D:3      | Killed Grinder
  2957 | D:3      | Reached skill level 6 in Axes
  2957 | D:3      | Reached XP level 6. HP: 41/55 MP: 6/6
  3216 | D:3      | Noticed Terence
  3222 | D:3      | Killed Terence
  3411 | D:4      | Reached skill level 7 in Axes
  3411 | D:4      | Reached XP level 7. HP: 59/60 MP: 7/7
  3540 | D:4      | Reached skill level 5 in Fighting
  3857 | D:4      | Reached skill level 8 in Axes
  4003 | D:5      | Entered Level 5 of the Dungeon
  4199 | D:5      | Reached XP level 8. HP: 54/68 MP: 8/8
  4249 | D:5      | Reached skill level 9 in Axes
  4557 | D:5      | Reached **** piety under Trog
  4622 | D:5      | Found the +10 Black Knight's barding {ponderous, rPois rN+}
  4829 | D:5      | test
  4858 | D:6      | Found Fuasur's Armour Shoppe.
  4864 | D:6      | Bought a +0 plate armour for 276 gold pieces
  4894 | D:6      | Reached XP level 9. HP: 45/75 MP: 9/9
  5061 | D:6      | Reached skill level 5 in Maces & Flails
  5446 | D:6      | Found a radiant altar of Vehumet.
  5446 | D:6      | Found a bloodstained altar of Trog.
  6324 | D:7      | Found a blossoming altar of Fedhas.
  6336 | D:7      | Reached skill level 5 in Armour
  6823 | D:7      | Reached ***** piety under Trog
  7103 | D:7      | Found a staircase to the Ecumenical Temple.
  7252 | Temple   | Entered the Ecumenical Temple
  7554 | D:8      | Identified the +0 robe "Caiz Toe" {rF+ Regen+ Int-5}
  7590 | D:8      | Reached XP level 10. HP: 72/86 MP: 10/10
  7730 | D:8      | Reached skill level 5 in Shields
  8424 | D:9      | Noticed Prince Ribbit
  8447 | D:9      | Killed Prince Ribbit
  8448 | D:9      | Reached skill level 1 in Stealth
  8462 | D:9      | Found a burning altar of Makhleb.
  9018 | D:9      | Found a hazy altar of Hepliaklqana.
  9018 | D:9      | Found a basalt altar of Yredelemnul.
  9266 | D:9      | Reached skill level 10 in Maces & Flails
  9416 | D:9      | Found an iron altar of Okawaru.
  9476 | D:9      | Identified the +2 pair of boots "Tuodoela" {rF+}
  9492 | D:9      | Found Mik Yrod's Magic Scroll Boutique.
  9596 | D:9      | Found an opulent altar of Gozag.
  9721 | D:10     | Entered Level 10 of the Dungeon
  9765 | D:10     | Reached XP level 11. HP: 36/95 MP: 11/11
 10462 | D:11     | Noticed a manticore
 10477 | D:11     | Killed a manticore
 10486 | D:11     | Noticed Urug
 10516 | D:11     | Killed Urug
 10861 | D:11     | Identified the +12 war axe "Xusmouc" {venom, Fragile +Blink
                  | rF+ Dex+4}
 10971 | D:11     | Found a staircase to the Lair.
 11423 | D:11     | Found a hazy altar of Hepliaklqana.
 11650 | D:12     | Noticed a boulder beetle
 11743 | D:12     | Killed a boulder beetle
 11744 | D:12     | Reached skill level 10 in Axes
 11944 | D:12     | Noticed a boulder beetle
 11957 | D:12     | Noticed a boulder beetle
 11959 | D:12     | Killed a boulder beetle
 11963 | D:12     | Noticed a two-headed ogre
 11973 | D:12     | Noticed a manticore
 11976 | D:12     | Reached skill level 10 in Fighting
 11982 | D:12     | Killed a two-headed ogre
 11983 | D:12     | Reached skill level 11 in Axes
 11989 | D:12     | Killed a boulder beetle
 11990 | D:12     | Reached XP level 12. HP: 89/106 MP: 12/12
 12163 | D:12     | Found a runed translucent door.
 12207 | D:12     | Found a staircase to the Orcish Mines.
 12237 | D:12     | Reached skill level 12 in Axes
 12650 | D:12     | Found a runed translucent door.
 12827 | D:12     | Noticed a two-headed ogre
 12828 | D:12     | Noticed a centaur warrior
 12845 | D:12     | Killed a centaur warrior
 12849 | D:12     | Killed a two-headed ogre
 12933 | D:12     | Noticed a deep elf knight
 12943 | D:12     | Killed a deep elf knight
 12944 | D:12     | Reached skill level 13 in Axes
 13414 | D:13     | Found Nywkoweo's Blood Bar.
 13461 | D:13     | Noticed a two-headed ogre
 13470 | D:13     | Killed a two-headed ogre
 13471 | D:13     | Reached skill level 14 in Axes
 13481 | D:13     | Noticed a death knight
 13519 | D:13     | HP: 8/165 [mirror damage (7)]
 13519 | D:13     | Slain by a death knight

Illustrated notes

*,,,*******#.........#######...
*...,,,,,,,,,#..........<..†...
*...*********###....########...
*#.#* #....# #... #.# ####)# #..#
#.# ####### #.# #... #.# #.....#
#.# ##.# ####.########....<# #.#
###### ................@.#*#.#*
##...##
.##.#########..........#**#.....#
,*#.# ***#.....###....,#..#...
,*#.# *,............####.....#
,*#<# #.##########.## ##...##
>*#.# #,* ### ##)##. ,*#.# ***,*
####.#.. ,*#.# *,,,* ##..†.#..
,*#.# *,*** #..##.#..


Turn 4829 on D:5: test

Levels and vault maps discovered:
D:1:      minmay_arrival_diagonal_passages, layout_loops_corners,
          minmay_indecisive_spiral
D:2:      layout_basic
D:3:      minmay_chambers_of_threes, layout_loops_ring, minmay_circle_x,
          uniq_robin, uniq_grinder, uniq_terence
D:4:      layout_loops_ring
D:5:      minmay_octagon_keep, layout_loops_ring, gammafunk_ghost_cemetery
D:6:      layout_gridville, nicolae_overflow_squiral, serial_shops, shop,
          kennysheep_generic_room_9
D:7:      layout_loops_ring, fedhas_altar_1, temple_statues
D:8:      layout_loops_ring
D:9:      layout_irregular_city, mainiacjoe_overflow_boulevard,
          mainiacjoe_overflow_alcove_2, gammafunk_temple_overflow_elements,
          lemuel_doored_altar, serial_shops, nicolae_shop_rolled_up,
          serial_bayou_lagoon_a, nzn_life_drinkers, uniq_prince_ribbit1
D:10:     layout_loops_ring
D:11:     layout_basic, hellmonk_lair_entry_icy,
          nicolae_hepliaklqana_hippocampus, uniq_urug
D:12:     cheibrodos_histonic, layout_long_grid,
          nicolae_kite_square_tiling_tiny, hangedman_decor_push,
          chequers_decorated_corner
D:13:     layout_loops_ring, erik_vaults_1, guppyfry_shop_blood
Temple:   nicolae_temple_two_arcs

Skill      XL: |  1  2  3  4  5  6  7  8  9 10 11 12 |
---------------+-------------------------------------+-----
Fighting       | 4 5 6 7 8 10 11 | 11.3
Dodging        | 2 3 4 |  4.9
Axes           | 5 6 7 8 9 11 14 | 14.4
Maces & Flails | 1 2 4 7 10 11 | 11.0
Shields        | 1 2 3 4 6 7 8 |  8.2
Armour         | 3 4 5 6 7 9 |  9.3
Stealth        | 1 |  1.4

Action                     |  1- 3 |  4- 6 |  7- 9 | 10-12 || total
---------------------------+-------+-------+-------+-------++-------
  Melee: Hand axe          |   112 |       |       |       ||   112
         Flail             |     2 |    91 |       |       ||    93
         War axe           |       |    89 |    93 |   252 ||   434
         Morningstar       |       |       |   308 |   264 ||   572
         Great mace        |       |       |       |     3 ||     3
 Invoke: Berserk           |     1 |     1 |       |     2 ||     4
         Trog's Hand       |       |     1 |     1 |     4 ||     6
         Brothers in Arms  |       |       |       |     3 ||     3
    Use: Scroll            |       |     4 |     3 |    10 ||    17
         Potion            |       |       |     1 |     3 ||     4
   Stab: Sleeping          |     2 |     1 |       |       ||     3
 Armour: Animal skin       |    13 |       |       |       ||    13
         Leather armour    |     7 |    21 |       |       ||    28
         Ring mail         |       |    75 |       |       ||    75
         Chain mail        |       |     2 |    84 |   213 ||   299
         Skin              |       |       |     1 |     2 ||     3
         Plate armour      |       |       |   102 |    81 ||   183
  Dodge: Dodged            |    76 |   120 |   125 |   234 ||   555
  Block: Buckler           |       |    58 |   122 |   255 ||   435

Table legend: (Time is in decaauts)
 A = Elapsed time spent in this place.
 B = Non-inter-level travel time spent in this place.
 C = Inter-level travel time spent in this place.
 D = Time resting spent in this place.
 E = Time spent auto-exploring this place.
 F = Levels seen in this place.
 G = Mean time per level.
                   A        B        C        D        E       F      G
               +--------+--------+--------+--------+--------+-----+--------+
         Total |  13615 |  10790 |   2825 |   1376 |   6028 |  14 |  972.5 |
       Dungeon |  13458 |  10786 |   2672 |   1376 |   6028 |  13 | 1035.2 |
        Temple |    156 |      3 |    153 |      0 |      0 |   1 |  156.0 |
               +--------+--------+--------+--------+--------+-----+--------+

Top non-repeatable levels by time:
    D:12: 1587 daAuts
     D:6: 1481 daAuts
     D:9: 1334 daAuts
     D:1: 1224 daAuts
     D:3: 1182 daAuts
    D:11: 1013 daAuts
     D:2: 976 daAuts
     D:7: 975 daAuts
     D:8: 948 daAuts
    D:10: 887 daAuts
     D:5: 874 daAuts
     D:4: 701 daAuts
    D:13: 270 daAuts
  Temple: 156 daAuts
